 Dungeon Crawl Stone Soup version 0.27-a0-488-g88baaf19db (webtiles) character file.

Game seed: 10581351128626479448

39 Dirtsage the Ruffian (level 3, -2/28 HPs)
             Began as a Demonspawn Gladiator on Mar 1, 2021.
             Slain by a phantom (4 damage)
             ... on level 2 of the Dungeon.
             The game lasted 00:02:41 (886 turns).

Dirtsage the Ruffian (Demonspawn Gladiator)          Turns: 886, Time: 00:02:41

Health: -2/28      AC:  6    Str: 15    XL:     3   Next: 28%
Magic:  3/3        EV: 12    Int:  9    God:
Gold:   97         SH:  0    Dex: 20    Spells: 2/2 levels left

rFire    . . .     SeeInvis .   f - +0 short sword
rCold    . . .     Faith    .   (no shield)
rNeg     . . .     Spirit   .   i - +0 ring mail
rPois    .         Reflect  .   b - +0 helmet
rElec    .         Harm     .   (no cloak)
rCorr    .         Rampage  .   (no gloves)
Will     .....                  (no boots)
Stlth    +.........             (no amulet)
HPRegen  0.09/turn              D - +6 ring of dexterity
MPRegen  0.08/turn              (no ring)

@: no status effects
A: hooves 2
a: no special abilities


You were on level 2 of the Dungeon.
You visited 1 branch of the dungeon, and saw 2 of its levels.

You collected 97 gold pieces.


Innate Abilities, Weirdness & Mutations

You have hoof-like feet.


   Skills:
 + Level 2.9 Fighting
 - Level 1.7 Throwing
 - Level 2.6 Dodging
 - Level 3.4 Unarmed Combat


You had 2 spell levels left.
You didn't know any spells.
Your spell library contained the following spells:

 Spells                   Type           Power        Failure   Level
 Beastly Appendage        Tmut           0%           63%         1
 Wereblood                Tmut           0%           77%         2
 Spider Form              Tmut/Pois      0%           94%         3
 Ice Form                 Ice/Tmut       0%           100%        4
 Blade Hands              Tmut           0%           100%        5

Inventory:

Hand Weapons
 f - a +0 short sword (weapon)
Missiles
 c - 3 throwing nets (quivered) {=f}
Armour
 a - a +0 leather armour
 b - a +0 helmet (worn)
 i - a +0 ring mail (worn)
 j - a +0 pair of gloves
Jewellery
 D - a +6 ring of dexterity (left hand)
Scrolls
 d - 4 scrolls of identify {unknown}
 g - a scroll of teleportation {unknown}
Potions
 e - 2 potions of lignification {unknown}
 h - a potion of curing {unknown}

Dungeon Overview and Level Annotations

Branches:
Dungeon (2/15)

Altars:

..#.......# .........†#
...###....# ...# #..)§#
(..# #....#### # ...#
####....##+#######..# ...#
###................#
....#.............§.......
....#..........W@.........
....#.....................
#.............#####...
.....##........# .. ......
#.......... . ......
######...... #......
#....... #........


You could see a phantom.


Message History

You closely miss the phantom. You kick the phantom.
The phantom is heavily damaged.
The phantom hits you.
* * * LOW HITPOINT WARNING * * *
You closely miss the phantom. You kick the phantom.
The phantom is severely damaged.
The phantom misses you.
You hit the phantom.
The phantom is severely damaged.
The phantom hits you but does no damage.
You miss the phantom.
The phantom is severely damaged.
The phantom misses you.
An adder comes into view.
The adder hisses angrily.
You hit the phantom. Your kick misses the phantom.
The phantom is severely damaged.
The phantom hits you.
* * * LOW HITPOINT WARNING * * *
You hit the phantom but do no damage. You kick the phantom, but do no damage.
The phantom is severely damaged.
The phantom hits you.
* * * LOW HITPOINT WARNING * * *
The phantom blinks!
You blink.
The phantom barely misses you.
You hit the phantom.
The phantom is almost destroyed.
The phantom hits you but does no damage.
The phantom hits you.
You die...

Skill      XL: |  1 |
---------------+----+-----
Unarmed Combat | 3 |  3.4
Fighting       | |  2.9
Throwing       | |  1.7
Dodging        | |  2.6

Action                   || total
-------------------------++-------
Melee: Unarmed           ||    32
       Short sword       ||    47
       Kick              ||    21
       Punch             ||     1
Armor: Leather armour    ||     2
       Ring mail         ||    16
Dodge: Dodged            ||    63

Levels and vault maps discovered:
D:1:      scummos_arrival_star, layout_basic
D:2:      layout_basic

Notes
Turn   | Place    | Note
-------+----------+-------------------------------------------
     0 | D:1      | Dirtsage the Demonspawn Gladiator began the quest for the
                  | Orb.
     0 | D:1      | Reached XP level 1. HP: 16/16 MP: 1/1
   198 | D:1      | Reached skill level 3 in Unarmed Combat
   346 | D:1      | Gained mutation: You have large cloven feet. [demonic
                  | ancestry]
   346 | D:1      | Reached XP level 2. HP: 22/22 MP: 2/2
   794 | D:2      | Gained mutation: You have hoof-like feet. [demonic
                  | ancestry]
   794 | D:2      | Reached XP level 3. HP: 22/28 MP: 3/3
   874 | D:2      | Noticed a phantom
   884 | D:2      | HP: 2/28 [phantom (5)]
   886 | D:2      | Slain by a phantom

Vanquished Creatures
  A gnoll (D:1)
  An adder (D:2)
  A dart slug (D:2)
  3 giant cockroaches
  3 goblins
  2 hobgoblins (D:2)
  A frilled lizard (D:2)
  4 kobolds
  4 rats
20 creatures vanquished.

Table legend: (Time is in decaauts)
 A = Elapsed time spent in this place.
 B = Non-inter-level travel time spent in this place.
 C = Inter-level travel time spent in this place.
 D = Time resting spent in this place.
 E = Time spent auto-exploring this place.
 F = Levels seen in this place.
 G = Mean time per level.
                   A        B        C        D        E       F      G
               +--------+--------+--------+--------+--------+-----+--------+
         Total |    887 |    878 |      9 |      0 |    680 |   2 |  443.5 |
       Dungeon |    887 |    878 |      9 |      0 |    680 |   2 |  443.5 |
               +--------+--------+--------+--------+--------+-----+--------+

Top non-repeatable levels by time:
     D:1: 716 daAuts
     D:2: 171 daAuts

Table legend:
 A = Non-vault XP
 B = Vault XP
 C = Vault XP percentage of total XP
 D = Non-vault monster count
 E = Vault monster count
 F = Vault count percentage of total count
                 A         B        C        D         E       F
            +---------+---------+-------+---------+---------+-------
      Total |      57 |       0 |   0.0 |      20 |       0 |   0.0
            +---------+---------+-------+---------+---------+-------
        D:1 |      26 |       0 |   0.0 |       9 |       0 |   0.0
        D:2 |      31 |       0 |   0.0 |      11 |       0 |   0.0
            +---------+---------+-------+---------+---------+-------
